[Event "Titled Tuesday Blitz November 9 2021"]
[White "Hakobyan, Aram"]
[Black "Manafov, Vugar"]
[WhiteFideId "13306677"]
[BlackFideId "13410814"]
[WhiteElo "2557"]
[BlackElo "2277"]
[Result "0-1"]
[Round "10"]
[TimeControl "180+1"]
[Date "2021.11.09"]
[WhiteClock "0:00:02"]
[BlackClock "0:00:07"]

1. b3 Nf6 2. Bb2 e6 3. Nf3 d5 4. e3 Nbd7 5. c4 c6 6. Nc3 Bd6 7. Rg1 h5 8. h3 h4 9. Qc2 Qe7 10. O-O-O a6 11. Kb1 b5 12. Nd4 Bb7 13. cxd5 cxd5 14. Rc1 Rc8 15. Qd1 Nc5 16. f4 Kd7 17. Ncxb5 axb5 18. Bxb5+ Kd8 19. b4 Ncd7 20. Qa4 Ra8 21. Qc2 Nb6 22. a3 Nc4 23. Bxc4 Rc8 24. Qb3 dxc4 25. Rxc4 Rxc4 26. Qxc4 Qc7 27. Qb5 Ke7 28. Rc1 Qd7 29. Qg5 Rg8 30. d3 Kf8 31. Qxh4 Ba6 32. Ka1 Bxd3 33. Rd1 Bc4 34. Nf3 Qe7 35. Be5 Bd5 36. Rc1 Ne8 37. Ng5 f6 38. Bxd6 Nxd6 39. Nf3 Kf7 40. Qh5+ g6 41. Qh4 Qa7 42. Rc3 Ne4 43. Rd3 Kg7 44. Qe1 Rc8 45. Nd4 Qa6 46. Qb1 Bc4 47. b5 Qa4 48. Nxe6+ Bxe6 49. b6 Nc3 50. Qb2 Nd1 51. Qd2 Rc2 52. Qxd1 Ra2+ 53. Kb1 Qb5+ 54. Rb3 Bxb3 55. Qd7+ Qxd7 0-1


[Site "https://www.chess.com"]

[Event "Titled Tuesday Blitz November 9 2021"]
[White "Hansen, Eric"]
[Black "Lazavik, Denis"]
[WhiteFideId "2606771"]
[BlackFideId "13515110"]
[WhiteElo "2568"]
[BlackElo "2436"]
[Result "0-1"]
[Round "10"]
[TimeControl "180+1"]
[Date "2021.11.09"]
[WhiteClock "0:00:08"]
[BlackClock "0:00:18"]

1. e4 e5 2. Nf3 Nc6 3. Bb5 Nf6 4. d3 Bc5 5. c3 O-O 6. O-O d5 7. exd5 Qxd5 8. Bc4 Qd8 9. Nbd2 a5 10. Re1 h6 11. h3 Re8 12. Bb5 Qd5 13. d4 exd4 14. Rxe8+ Nxe8 15. Nb3 Bb6 16. Qe2 Nd6 17. Bxc6 bxc6 18. Nbxd4 Ba6 19. Qe5 Re8 20. Qxd5 cxd5 21. Bf4 Ne4 22. Be3 a4 23. Rc1 c5 24. Nc2 Bc4 25. Ra1 g5 26. Na3 Ba6 27. Rd1 Rd8 28. g4 Be2 29. Re1 Bxf3 30. Nb5 d4 31. Bc1 d3 32. Re3 d2 33. Bxd2 Nxd2 0-1


[Site "https://www.chess.com"]

[Event "Titled Tuesday Blitz November 9 2021"]
[White "Jobava, Baadur"]
[Black "Kollars, Dmitrij"]
[WhiteFideId "13601520"]
[BlackFideId "12909572"]
[WhiteElo "2731"]
[BlackElo "2584"]
[Result "1/2-1/2"]
[Round "10"]
[TimeControl "180+1"]
[Date "2021.11.09"]
[WhiteClock "0:00:28"]
[BlackClock "0:00:14"]

1. e4 e5 2. d4 exd4 3. Nf3 Nc6 4. Nxd4 Nf6 5. Nxc6 bxc6 6. Bd3 d5 7. exd5 cxd5 8. O-O Be7 9. h3 O-O 10. Nd2 Re8 11. Nf3 c5 12. Re1 Bb7 13. c3 a5 14. Bf4 Qb6 15. Qc2 h6 16. Re2 Bd6 17. Bxd6 Qxd6 18. Rae1 Rxe2 19. Qxe2 Bc6 20. Qe5 Qxe5 21. Nxe5 Be8 22. b3 Rb8 23. Bc2 a4 24. bxa4 Rb2 25. Ng4 Kf8 26. Nxf6 gxf6 27. Bb3 c4 28. Bd1 Rxa2 29. Bf3 Bc6 30. Rd1 Rxa4 31. Bxd5 Bxd5 32. Rxd5 Ra3 33. Rc5 Rxc3 34. Rc7 Kg7 35. g4 Rxh3 36. Rxc4 Rh4 37. Rf4 h5 38. f3 hxg4 39. fxg4 Rh3 40. Kg2 Ra3 41. Rf3 Ra5 42. Kg3 Kg6 43. Kh4 Ra4 44. Rf5 Ra1 45. Rb5 Rh1+ 46. Kg3 Re1 47. Rb8 Re5 48. Kf4 Ra5 49. Rg8+ Kh7 50. Rb8 Kg7 51. Rc8 Rb5 52. Ra8 Rb4+ 53. Kf5 Rb1 54. Kf4 Rf1+ 55. Kg3 Kh7 56. Rf8 Kg7 57. Ra8 f5 58. gxf5 Rxf5 59. Ra6 Re5 60. Kf4 Rc5 61. Rb6 Rc4+ 62. Kf5 Rc1 63. Ra6 Rf1+ 64. Kg5 f6+ 65. Kg4 Kg6 66. Ra5 f5+ 67. Kg3 Kg5 68. Ra4 Rc1 69. Ra3 Rh1 70. Kg2 Rh4 71. Kg3 f4+ 72. Kg2 Kg4 73. Rb3 Rh6 74. Ra3 Rd6 75. Kf2 Rd2+ 76. Kf1 Rc2 77. Rb3 Rc1+ 78. Kf2 Rc2+ 79. Kf1 Rc1+ 80. Kf2 Rc2+ 81. Kf1 1/2-1/2


[Site "https://www.chess.com"]

[Event "Titled Tuesday Blitz November 9 2021"]
[White "Kamsky, Gata"]
[Black "Andreikin, Dmitry"]
[WhiteFideId "2000024"]
[BlackFideId "4158814"]
[WhiteElo "2645"]
[BlackElo "2736"]
[Result "1/2-1/2"]
[Round "10"]
[TimeControl "180+1"]
[Date "2021.11.09"]
[WhiteClock "0:01:02"]
[BlackClock "0:00:39"]

1. e4 c5 2. Nc3 Nc6 3. Bc4 e6 4. Nf3 Nf6 5. O-O d5 6. exd5 exd5 7. Bb5 Bd6 8. d4 O-O 9. Bg5 Be6 10. dxc5 Bxc5 11. Bxc6 bxc6 12. Na4 Bd6 13. Qd4 Rb8 14. c3 h6 15. Bxf6 Qxf6 16. Qxf6 gxf6 17. b4 Rfc8 18. Nd4 c5 19. bxc5 Bxc5 20. Nxc5 Rxc5 21. Rfe1 Rxc3 22. Nxe6 fxe6 23. Rxe6 Kf7 24. Ra6 Rb7 25. g3 Rc2 26. Rd1 Rbb2 27. Rxa7+ Kg6 28. Rf1 Rxa2 29. Rxa2 Rxa2 30. Rd1 Ra5 31. Rd4 1/2-1/2


[Site "https://www.chess.com"]

[Event "Titled Tuesday Blitz November 9 2021"]
[White "Karolczuk, Iwo"]
[Black "Kobalia, Mikhail"]
[WhiteFideId "21816972"]
[BlackFideId "4119150"]
[WhiteElo "2093"]
[BlackElo "2543"]
[Result "1/2-1/2"]
[Round "10"]
[TimeControl "180+1"]
[Date "2021.11.09"]
[WhiteClock "0:00:07"]
[BlackClock "0:00:03"]

1. e4 c5 2. Nc3 e6 3. Nge2 a6 4. g3 b5 5. Bg2 Bb7 6. O-O b4 7. Na4 Nf6 8. d3 d5 9. exd5 Nxd5 10. Nf4 Be7 11. Nxd5 Bxd5 12. Bxd5 exd5 13. Re1 O-O 14. Qf3 Nc6 15. c3 Qa5 16. b3 bxc3 17. Qxd5 Nb4 18. Qc4 Bf6 19. Re2 c2 20. Bb2 Bxb2 21. Nxb2 Rfe8 22. Rxe8+ Rxe8 23. a3 g6 24. Na4 Nxd3 25. Qxc2 Re1+ 26. Rxe1 Qxe1+ 27. Kg2 Qe4+ 28. Kf1 Qh1+ 29. Ke2 Ne5 30. Nxc5 Qxh2 31. Qe4 Qh5+ 32. f3 Qh2+ 33. Ke3 Qxg3 34. b4 Qe1+ 35. Kf4 Qxe4+ 36. Kxe4 Nc4 37. a4 a5 38. b5 Nb6 39. Nb7 Nxa4 40. Nxa5 Nc3+ 41. Ke5 Nxb5 42. Kf6 Nc7 43. Nc6 Nd5+ 44. Ke5 Ne3 45. Kf6 h5 46. Nd8 Nd5+ 47. Ke5 Nc3 48. Kf6 h4 49. Nxf7 h3 50. Nh6+ Kh7 51. Ng4 Nd5+ 52. Kg5 Ne3 53. Nh2 Kg7 54. Kh4 Ng2+ 55. Kxh3 Nf4+ 56. Kg4 Ne6 57. Nf1 Kf6 58. Ng3 Ke5 59. Ne4 Nf8 60. Ng5 Kf6 61. Ne4+ Kg7 62. Ng5 Kf6 63. Nh3 Ne6 64. Nf2 g5 65. Ne4+ Kg6 66. Nd6 Kf6 67. Ne4+ Kg6 68. Ng3 Kf6 69. Nh5+ Kg6 70. f4 gxf4 71. Nxf4+ 1/2-1/2


[Site "https://www.chess.com"]

[Event "Titled Tuesday Blitz November 9 2021"]
[White "Krivonosov, Oleg"]
[Black "Pranav, V"]
[WhiteFideId "11600349"]
[BlackFideId "25060783"]
[WhiteElo "2469"]
[BlackElo "2351"]
[Result "0-1"]
[Round "10"]
[TimeControl "180+1"]
[Date "2021.11.09"]
[WhiteClock "0:00:02"]
[BlackClock "0:00:11"]

1. Nf3 Nf6 2. c4 e6 3. g3 a6 4. Bg2 b5 5. b3 Bb7 6. Nc3 b4 7. Na4 Be7 8. O-O O-O 9. Bb2 d6 10. d4 Nbd7 11. Ne1 Bxg2 12. Kxg2 Qc8 13. f3 d5 14. Rc1 Qb7 15. c5 c6 16. Nd3 Bd8 17. Qc2 Bc7 18. Ne5 Nxe5 19. dxe5 Nd7 20. f4 Rae8 21. e4 f6 22. exd5 exd5 23. exf6 Nxf6 24. Bxf6 Rxf6 25. Rce1 Rfe6 26. Rxe6 Rxe6 27. Qf5 Qc8 28. Rf2 Qe8 29. Nb6 h5 30. Qd3 a5 31. Qf5 Re3 32. Kh3 g6 33. Qd7 Qxd7+ 34. Nxd7 Kf7 35. Ne5+ Bxe5 36. fxe5+ Kg7 37. Rf6 Rxe5 38. Rxc6 d4 39. Rd6 Rxc5 40. Rxd4 Rc2 41. a3 bxa3 42. Ra4 a2 43. Rxa5 Kh6 44. g4 Rb2 45. g5+ Kg7 46. b4 Kf7 47. Kg3 Ke6 48. h3 Rb3+ 49. Kf2 Rxh3 50. Kg2 Rb3 51. Rxa2 Rxb4 52. Kh3 Rg4 53. Ra5 Rg1 54. Rb5 Re1 55. Ra5 Re5 56. Ra6+ Kf5 0-1


[Site "https://www.chess.com"]

[Event "Titled Tuesday Blitz November 9 2021"]
[White "Libiszewski, Fabien"]
[Black "Janaszak, Dawid"]
[WhiteFideId "616834"]
[BlackFideId "1119206"]
[WhiteElo "2440"]
[BlackElo "2215"]
[Result "1/2-1/2"]
[Round "10"]
[TimeControl "180+1"]
[Date "2021.11.09"]
[WhiteClock "0:00:06"]
[BlackClock "0:00:06"]

1. c4 Nf6 2. g3 g6 3. b3 Bg7 4. Bb2 O-O 5. Bg2 c6 6. Nf3 d5 7. d3 a5 8. Qc2 a4 9. b4 dxc4 10. Qxc4 Be6 11. Qc2 a3 12. Nxa3 Na6 13. Bc3 Nxb4 14. Bxb4 Nd5 15. Rb1 Nxb4 16. Rxb4 Qa5 17. Qd2 Qxa3 18. d4 Qxa2 19. Qxa2 Rxa2 20. Rxb7 Ra1+ 21. Kd2 Ra2+ 22. Kd3 Rfa8 23. Rc1 Bh6 24. Rc3 Bf5+ 25. e4 Bg4 26. h3 Rxf2 27. hxg4 Rxg2 28. g5 Bxg5 29. Kc4 Rxg3 30. Nxg5 Rxg5 31. Rxe7 h5 32. Rf3 Rf8 33. e5 h4 34. Rh3 Rg4 35. Rd7 g5 36. Rd6 Kg7 37. Rxc6 Rg3 38. Rxg3 hxg3 39. Kd3 Rh8 40. Rc1 Rh4 41. Rg1 Rg4 42. Ke3 Kf8 43. d5 Ke7 44. Kf3 Rf4+ 45. Ke3 Rf5 46. Ke4 Rf4+ 47. Ke3 Rf5 48. Ke4 Rf4+ 49. Ke3 1/2-1/2


[Site "https://www.chess.com"]

[Event "Titled Tuesday Blitz November 9 2021"]
[White "Llorente Zaro, Alfonso"]
[Black "Yashmetov, Mikhail"]
[WhiteFideId "2254131"]
[BlackFideId "24198900"]
[WhiteElo "2480"]
[BlackElo "2305"]
[Result "1-0"]
[Round "10"]
[TimeControl "180+1"]
[Date "2021.11.09"]
[WhiteClock "0:00:07"]
[BlackClock "0:00:04"]

1. b3 d5 2. e3 Nf6 3. Nf3 g6 4. c4 Bg7 5. Bb2 O-O 6. Be2 c6 7. O-O Bf5 8. d3 Nbd7 9. Nbd2 Re8 10. Nd4 e5 11. Nxf5 gxf5 12. Rc1 Nf8 13. b4 Ng6 14. Qb3 e4 15. b5 f4 16. bxc6 bxc6 17. cxd5 cxd5 18. Bxf6 Bxf6 19. dxe4 dxe4 20. Rcd1 Qa5 21. Bc4 Re7 22. Bd5 Rae8 23. Nc4 Qc7 24. Nd6 Rb8 25. Qa4 Be5 26. Nxf7 Rxf7 27. Qxe4 Kg7 28. Bxf7 Qxf7 29. Rd5 Re8 30. exf4 Bxf4 31. Qd3 Re7 32. Rd1 Be5 33. g3 Bf6 34. Rd7 Ne5 35. Rxe7 Qxe7 36. Qe4 Qa3 37. Qd5 Qb2 38. Kg2 Ng6 39. h4 Qe5 40. Qxe5 Nxe5 41. Rb1 Nc6 42. Rb7+ Kg6 43. Rc7 Nb4 44. Rxa7 Bd4 45. Rd7 Nc2 46. a4 Ne1+ 47. Kf1 Nf3 48. a5 Bc5 49. a6 Ne5 50. a7 1-0


[Site "https://www.chess.com"]

[Event "Titled Tuesday Blitz November 9 2021"]
[White "Madaminov, Mukhiddin"]
[Black "Van der Werf, Mark"]
[WhiteFideId "14210703"]
[BlackFideId "1000470"]
[WhiteElo "1855"]
[BlackElo "2398"]
[Result "1-0"]
[Round "10"]
[TimeControl "180+1"]
[Date "2021.11.09"]
[WhiteClock "0:02:16"]
[BlackClock "0:01:39"]

1. d4 Nf6 2. Nc3 d6 3. e4 g6 4. f4 Bg7 5. Bd3 Nc6 6. Nf3 Bg4 7. e5 dxe5 8. dxe5 Nd5 9. h3 Nxc3 10. bxc3 Bf5 11. O-O O-O 12. Be3 Qd5 13. Qe2 Bxd3 14. cxd3 Rad8 15. Rfd1 f6 16. c4 Qa5 17. exf6 exf6 18. Rab1 Qa6 19. f5 g5 20. Nd2 Rfe8 21. Ne4 Nd4 22. Bxd4 Rxd4 23. Nxf6+ 1-0


[Site "https://www.chess.com"]

[Event "Titled Tuesday Blitz November 9 2021"]
[White "Makhnev, Denis"]
[Black "Nakamura, Hikaru"]
[WhiteFideId "13707647"]
[BlackFideId "2016192"]
[WhiteElo "2537"]
[BlackElo "2884"]
[Result "1/2-1/2"]
[Round "10"]
[TimeControl "180+1"]
[Date "2021.11.09"]
[WhiteClock "0:00:06"]
[BlackClock "0:00:13"]

1. e4 g6 2. d4 Bg7 3. Nc3 a6 4. Nf3 b5 5. Be2 Bb7 6. O-O d6 7. Re1 Nd7 8. a4 b4 9. Na2 a5 10. c3 bxc3 11. Nxc3 e6 12. Bg5 Ne7 13. Rc1 h6 14. Bd2 c6 15. d5 cxd5 16. Nb5 O-O 17. Nxd6 Bc6 18. exd5 Bxd5 19. Bc3 Qb6 20. Nb5 Rac8 21. Qd2 Bxc3 22. bxc3 Kg7 23. c4 Bxf3 24. Bxf3 Nc5 25. Qd4+ Kg8 26. Qf6 Nd3 27. c5 Rxc5 28. Rxc5 Qxc5 29. Rf1 Nf5 30. g3 Ne5 31. Be4 Ne3 32. Re1 N3g4 33. Qf4 Rd8 34. Rf1 g5 35. Qc1 Qxc1 36. Rxc1 Rd2 37. f4 Nd7 38. f5 e5 39. f6 Ndxf6 40. Bf5 Nxh2 41. Rc8+ Kg7 42. Nc7 Nf3+ 43. Kf1 Nh2+ 44. Kg1 Nf3+ 45. Kf1 g4 46. Rb8 Nh2+ 47. Kg1 Nf3+ 48. Kf1 e4 49. Rb7 Nh2+ 50. Kg1 Nf3+ 51. Kf1 Kf8 52. Rb8+ Kg7 53. Rb7 1/2-1/2


[Site "https://www.chess.com"]

[Event "Titled Tuesday Blitz November 9 2021"]
[White "Martinez Alcantara, Jose Eduardo"]
[Black "Svane, Frederik"]
[WhiteFideId "3805662"]
[BlackFideId "12923044"]
[WhiteElo "2690"]
[BlackElo "2459"]
[Result "1-0"]
[Round "10"]
[TimeControl "180+1"]
[Date "2021.11.09"]
[WhiteClock "0:01:51"]
[BlackClock "0:01:56"]

1. e4 c5 2. Nf3 e6 3. d4 cxd4 4. Nxd4 a6 5. Bd3 Qb6 6. Be3 Qxb2 7. Nd2 Qb6 8. O-O Qc7 9. f4 d6 10. e5 dxe5 11. fxe5 Qxe5 12. Nc4 Qc7 13. Bf4 Qc5 14. Kh1 Qxd4 15. Nd6+ Qxd6 16. Bxd6 Bxd6 17. Qg4 Be5 18. Rae1 Bc3 19. Qc4 Bxe1 20. Qxc8+ Ke7 21. Qxb7+ Nd7 22. Qxa8 Bc3 23. Bxa6 g6 24. Bb5 Nh6 25. Qa3+ 1-0


[Site "https://www.chess.com"]

[Event "Titled Tuesday Blitz November 9 2021"]
[White "Mustafayev, Farid"]
[Black "Nagy, Gabor"]
[WhiteFideId "13408771"]
[BlackFideId "737119"]
[WhiteElo "2091"]
[BlackElo "2534"]
[Result "0-1"]
[Round "10"]
[TimeControl "180+1"]
[Date "2021.11.09"]
[WhiteClock "0:00:12"]
[BlackClock "0:01:00"]

1. d4 Nf6 2. c4 g6 3. g3 Bg7 4. Bg2 O-O 5. Nc3 d6 6. e4 e5 7. Nge2 Nc6 8. O-O Re8 9. dxe5 Nxe5 10. b3 Bd7 11. Bb2 a5 12. h3 a4 13. Rc1 axb3 14. axb3 Bc6 15. Nd4 Ned7 16. Re1 h5 17. f4 Qb8 18. Nxc6 bxc6 19. e5 dxe5 20. fxe5 Nxe5 21. Na4 Rxa4 22. Bxe5 Ra2 23. Qd4 c5 24. Qc3 Qb6 25. Rf1 Ne4 26. Bxe4 Rxe5 27. Qf3 f5 28. Bd5+ Kh7 29. Rce1 Qd6 30. Rd1 Qe7 31. Rf2 Rxf2 32. Kxf2 h4 33. g4 fxg4 34. hxg4 Qg5 35. Rd3 Re7 36. Rd1 Bd4+ 37. Kg2 Bg7 38. Be4 Qe5 39. Bd3 Re6 40. Rh1 Qb2+ 41. Kh3 Qd2 42. Kxh4 Bf6+ 43. Kg3+ Kg7 44. Be4 Be5+ 45. Kh4 Qh6# 0-1


[Site "https://www.chess.com"]

[Event "Titled Tuesday Blitz November 9 2021"]
[White "Nozdrachev, Leonid"]
[Black "Erdogmus, Yagiz Kaan"]
[WhiteFideId "24113433"]
[BlackFideId "44599790"]
[WhiteElo "2124"]
[BlackElo "1783"]
[Result "1-0"]
[Round "10"]
[TimeControl "180+1"]
[Date "2021.11.09"]
[WhiteClock "0:00:39"]
[BlackClock "0:00:14"]

1. e4 c5 2. c3 Nf6 3. e5 Nd5 4. d4 cxd4 5. Nf3 Nc6 6. Bc4 Nb6 7. Bb3 e6 8. cxd4 Be7 9. O-O O-O 10. Nc3 d6 11. exd6 Bxd6 12. Bc2 Nd5 13. Ng5 Nf6 14. a3 Bd7 15. d5 exd5 16. Nxd5 Ng4 17. h3 h6 18. Nh7 Re8 19. hxg4 Qh4 20. Bf4 Bxg4 21. Qd3 f5 22. Bxd6 Kxh7 23. f3 Rad8 24. fxg4 Qxg4 25. Qxf5+ Qxf5 26. Rxf5 Nd4 27. Bc7 Nxc2 28. Bxd8 Nxa1 29. Ba5 Re2 30. Bc3 Nb3 31. Rf7 Kg6 32. Rxb7 Kf5 33. Rxb3 Ke4 34. Ne7 a5 35. Bxa5 g5 36. Bb6 g4 37. Re3+ Rxe3 38. Bxe3 Kxe3 39. Nf5+ Kd3 40. Nxh6 Kc4 41. Nxg4 Kb3 42. Nf2 Kxb2 43. a4 Ka3 44. a5 Kb4 45. a6 Ka5 46. a7 Kb4 47. a8=Q Kc3 48. g4 Kd2 49. g5 Ke1 50. g6 Ke2 51. g7 Kd2 52. g8=Q Ke1 53. Qe6+ Kd2 54. Qaa2+ Kc1 55. Qc6# 1-0


[Site "https://www.chess.com"]

[Event "Titled Tuesday Blitz November 9 2021"]
[White "Obregon, Andres Carlos"]
[Black "Gabrielian, Artur"]
[WhiteFideId "111724"]
[BlackFideId "4131002"]
[WhiteElo "2572"]
[BlackElo "2440"]
[Result "1-0"]
[Round "10"]
[TimeControl "180+1"]
[Date "2021.11.09"]
[WhiteClock "0:00:31"]
[BlackClock "0:00:05"]

1. c4 Nf6 2. Nf3 g6 3. g3 Bg7 4. b3 O-O 5. Bb2 d6 6. d4 Nbd7 7. Bg2 e5 8. dxe5 Ng4 9. O-O dxe5 10. Nfd2 f5 11. h3 Nh6 12. Nc3 e4 13. Qc1 Nf7 14. Nd5 Nde5 15. Rd1 c6 16. Ne3 Qc7 17. c5 Be6 18. Ndc4 Rad8 19. Qc2 h5 20. h4 Rxd1+ 21. Rxd1 Rd8 22. Rxd8+ Qxd8 23. Nxe5 Nxe5 24. Bc3 Qe7 25. b4 Qf7 26. Qb2 Nc4 27. Nxc4 Bxc4 28. Bxg7 Qxg7 29. Qd2 Bd5 30. Qf4 Qa1+ 31. Bf1 Qxa2 32. Qb8+ Kg7 33. Qxb7+ Kf6 34. b5 cxb5 35. Qxb5 Qc4 36. Qa5 Bc6 37. Qxa7 e3 38. fxe3 Qd5 39. Kf2 Qh1 40. Qc7 Qd5 41. Qc8 Ke7 42. Qh8 Kf7 43. Qd4 Ke6 44. Qg7 Be8 45. Qg8+ Bf7 46. Qc8+ Ke7 47. Bg2 Qe5 48. Qc6 Be8 49. Qb7+ Kd8 50. Qb6+ Qc7 51. e4 fxe4 52. Bxe4 1-0


[Site "https://www.chess.com"]

[Event "Titled Tuesday Blitz November 9 2021"]
[White "Papasimakopoulos, Alexandros"]
[Black "Khanin, Semen"]
[WhiteFideId "4244125"]
[BlackFideId "4111990"]
[WhiteElo "2394"]
[BlackElo "2442"]
[Result "1-0"]
[Round "10"]
[TimeControl "180+1"]
[Date "2021.11.09"]
[WhiteClock "0:00:50"]
[BlackClock "0:00:58"]

1. d4 g6 2. c4 Bg7 3. e4 d6 4. Nc3 e5 5. Nge2 exd4 6. Nxd4 Ne7 7. h4 Nbc6 8. Nxc6 Nxc6 9. h5 Be6 10. Be2 a6 11. Nd5 Bd4 12. hxg6 hxg6 13. Rxh8+ Bxh8 14. Be3 Qh4 15. Qd2 O-O-O 16. O-O-O Qxe4 17. Bf3 Qxc4+ 18. Kb1 Ne5 19. Nb6+ cxb6 20. Rc1 Nxf3 21. Rxc4+ Bxc4 22. gxf3 b5 23. Bb6 Re8 24. Qxd6 Be5 25. Qc5+ Kb8 26. Kc2 Bxa2 27. b3 Rc8 28. Ba7+ Ka8 29. Qxc8+ 1-0


[Site "https://www.chess.com"]

[Event "Titled Tuesday Blitz November 9 2021"]
[White "Perez Gormaz, Matias"]
[Black "Matinian, Nikita"]
[WhiteFideId "3406342"]
[BlackFideId "24129100"]
[WhiteElo "2352"]
[BlackElo "2422"]
[Result "0-1"]
[Round "10"]
[TimeControl "180+1"]
[Date "2021.11.09"]
[WhiteClock "0:00:06"]
[BlackClock "0:01:25"]

1. e4 e5 2. Nf3 Nc6 3. Bb5 a6 4. Ba4 Nf6 5. d3 d6 6. c3 g6 7. O-O Bg7 8. h3 O-O 9. Be3 Nh5 10. d4 Bd7 11. Re1 Kh8 12. Nbd2 f5 13. exf5 gxf5 14. dxe5 dxe5 15. Bc5 Re8 16. Bb3 Nf4 17. Nc4 e4 18. Be3 Bh6 19. Nce5 Nxe5 20. Nxe5 Rxe5 21. Bd4 Bg7 22. Bxe5 Bxe5 23. Qd2 Qg5 0-1


[Site "https://www.chess.com"]

[Event "Titled Tuesday Blitz November 9 2021"]
[White "Piesik, Piotr"]
[Black "Zhigalko, Sergei"]
[WhiteFideId "1136194"]
[BlackFideId "13502956"]
[WhiteElo "2336"]
[BlackElo "2662"]
[Result "0-1"]
[Round "10"]
[TimeControl "180+1"]
[Date "2021.11.09"]
[WhiteClock "0:02:27"]
[BlackClock "0:01:52"]

1. Nf3 d5 2. g3 c6 3. Bg2 Bg4 4. O-O Nd7 5. d3 e6 6. Nbd2 Bd6 7. e4 Ne7 8. h3 Bh5 9. Qe1 O-O 10. Nb3 a5 11. a4 Re8 12. Bd2 Bc7 13. Nh4 f6 14. f4 Bf7 15. Nf3 e5 16. fxe5 Nxe5 17. Nxe5 Bxe5 18. Bc3 Bc7 19. g4 Qd6 20. e5 fxe5 21. Bxa5 Bxa5 22. Nxa5 Qc5+ 23. Qf2 Qxf2+ 0-1


[Site "https://www.chess.com"]

[Event "Titled Tuesday Blitz November 9 2021"]
[White "Polivanov, Anatoliy"]
[Black "Ostrovskiy, Andrey"]
[WhiteFideId "14109468"]
[BlackFideId "14110326"]
[WhiteElo "2472"]
[BlackElo "2469"]
[Result "1-0"]
[Round "10"]
[TimeControl "180+1"]
[Date "2021.11.09"]
[WhiteClock "0:00:21"]
[BlackClock "0:01:32"]

1. e4 e5 2. Nf3 Nc6 3. d4 exd4 4. Bc4 Nf6 5. e5 d5 6. Bb5 Nd7 7. Bxc6 bxc6 8. Nxd4 Nb8 9. O-O Be7 10. Qf3 O-O 11. Nc3 Be6 12. Rd1 Qd7 13. h3 c5 14. Nxe6 fxe6 15. Qg4 Rf5 16. Bh6 Bf8 17. Ne4 Qf7 18. Nf6+ Kh8 19. Rxd5 exd5 20. Qxf5 gxf6 21. e6 Qe7 22. Qxd5 c6 23. Bxf8 Qxf8 24. Qd3 a5 25. Re1 Qe7 26. Rd1 Na6 27. Qc4 Nc7 28. Rd7 Qxe6 29. Qd3 f5 30. Qc3+ 1-0


[Site "https://www.chess.com"]

[Event "Titled Tuesday Blitz November 9 2021"]
[White "Preotu, Razvan"]
[Black "Bazeev, German"]
[WhiteFideId "2613280"]
[BlackFideId "24119350"]
[WhiteElo "2407"]
[BlackElo "2462"]
[Result "1-0"]
[Round "10"]
[TimeControl "180+1"]
[Date "2021.11.09"]
[WhiteClock "0:00:09"]
[BlackClock "0:00:03"]

1. e4 c6 2. Nc3 d5 3. Nf3 dxe4 4. Nxe4 Nf6 5. Qe2 Bg4 6. h3 Bh5 7. Nxf6+ gxf6 8. d3 e6 9. g4 Bg6 10. Bg2 Nd7 11. Bd2 Bd6 12. O-O-O Qc7 13. Kb1 O-O-O 14. Nh4 Bf4 15. Bc3 Be5 16. Bxe5 Qxe5 17. Qe3 Qg5 18. Nxg6 hxg6 19. Qxa7 Qf4 20. d4 Kc7 21. Qa5+ Nb6 22. Qd2 Qxd2 23. Rxd2 Rh4 24. b3 f5 25. gxf5 gxf5 26. c3 Rg8 27. Rh2 Nd7 28. Kc2 Nf6 29. Kd1 Nh5 30. Ke1 Nf4 31. Kf1 Kd6 32. a4 b6 33. b4 Rh7 34. Ra2 Rhg7 35. f3 Nd5 36. Kf2 Nxc3 37. Ra3 Nd5 38. a5 Nxb4 39. axb6 Rb8 40. f4 Rxb6 41. Rb3 Rg8 42. Bf3 Ra8 43. h4 Ra2+ 44. Kg3 Rxh2 45. Kxh2 c5 46. dxc5+ Kxc5 47. h5 Rb8 48. Kg3 Rh8 49. Kh4 f6 50. Rc3+ Kd4 51. Rc7 Ke3 52. Bb7 Kxf4 53. Rc4+ Ke3 54. Rxb4 f4 55. Rb6 e5 56. Rxf6 Rb8 57. Bc6 e4 58. Re6 Rb4 59. h6 f3 60. h7 f2 61. Rf6 Rb8 62. Kg5 Rh8 63. Kg6 Ke2 64. Bb5+ Ke3 65. Kg7 Rb8 66. h8=Q Rxb5 67. Qh6+ Ke2 68. Qf4 e3 69. Qc4+ Kd2 70. Qxb5 1-0


[Site "https://www.chess.com"]

[Event "Titled Tuesday Blitz November 9 2021"]
[White "Rustemov, Alexander"]
[Black "Shirazi, Kamran"]
[WhiteFideId "4119002"]
[BlackFideId "2000733"]
[WhiteElo "2785"]
[BlackElo "2317"]
[Result "1-0"]
[Round "10"]
[TimeControl "180+1"]
[Date "2021.11.09"]
[WhiteClock "0:00:57"]
[BlackClock "0:00:01"]

1. d4 c5 2. d5 e6 3. c4 b5 4. cxb5 a6 5. e4 axb5 6. Bxb5 Qa5+ 7. Nc3 exd5 8. Qxd5 Nf6 9. Qd3 Nc6 10. Bxc6 dxc6 11. Ne2 Ba6 12. Qc2 Rd8 13. Bg5 Bd3 14. Qd2 Be7 15. e5 Nd5 16. Bxe7 Nxe7 17. O-O O-O 18. Rfd1 Ng6 19. Qe3 c4 20. f4 Rfe8 21. b3 Qa6 22. Rd2 cxb3 23. Rad1 bxa2 24. Nxa2 Bxe2 25. Rxd8 Bxd1 26. Rxe8+ Nf8 27. Qc5 h5 28. Rxf8+ Kh7 29. Nc1 Qa4 30. Qe3 Qc4 31. Qd3+ Qxd3 32. Nxd3 Bb3 33. Nc5 Bd5 34. Kf2 g5 35. f5 Kg7 36. Rd8 g4 37. Rd6 Bc4 38. g3 Bd5 39. Ke3 Kf8 40. Kf4 Ke7 41. Kg5 f6+ 42. Rxf6 Bg2 43. Rd6 Bd5 44. f6+ Kf7 45. e6+ Kg8 46. Rd8+ Kh7 47. e7 1-0


[Site "https://www.chess.com"]

[Event "Titled Tuesday Blitz November 9 2021"]
[White "Salinas Herrera, Pablo"]
[Black "Bologan, Victor"]
[WhiteFideId "3407128"]
[BlackFideId "13900048"]
[WhiteElo "2541"]
[BlackElo "2472"]
[Result "1-0"]
[Round "10"]
[TimeControl "180+1"]
[Date "2021.11.09"]
[WhiteClock "0:00:02"]
[BlackClock "0:00:11"]

1. e4 e5 2. Nf3 Nc6 3. Bb5 a6 4. Ba4 Nf6 5. O-O d6 6. Nc3 Bd7 7. Bxc6 Bxc6 8. d4 Nxe4 9. Nxe4 Bxe4 10. Re1 d5 11. dxe5 Be7 12. Nd2 Bg6 13. Nf1 O-O 14. f4 d4 15. Ng3 Bh4 16. Bd2 Qd5 17. c3 Rad8 18. Qg4 Bxg3 19. hxg3 f5 20. exf6 Rxf6 21. Re5 Qd7 22. Qe2 d3 23. Qe3 Rf7 24. Re1 h6 25. b3 Kh7 26. Qf3 c6 27. g4 Kg8 28. f5 Bh7 29. Qe4 h5 30. gxh5 Bxf5 31. Qe3 Kh7 32. Qg5 Rdf8 33. Rf1 Rf6 34. Rf4 R8f7 35. Qg3 Be6 36. Rxf6 Rxf6 37. Rg5 Qf7 38. Kh2 b5 39. Be3 Bd5 40. c4 bxc4 41. bxc4 Be4 42. Bd2 Rf2 43. Qe3 Re2 44. Qd4 Rxd2 45. Qxe4+ Kh8 46. Rf5 Qc7+ 47. Kh1 Re2 48. Rf8# 1-0


[Site "https://www.chess.com"]

[Event "Titled Tuesday Blitz November 9 2021"]
[White "Shimelkov, Vasiliy"]
[Black "Moroni, Luca Jr"]
[WhiteFideId "13701630"]
[BlackFideId "865834"]
[WhiteElo "2073"]
[BlackElo "2491"]
[Result "0-1"]
[Round "10"]
[TimeControl "180+1"]
[Date "2021.11.09"]
[WhiteClock "0:00:10"]
[BlackClock "0:00:04"]

1. d4 g6 2. c4 Bg7 3. Nc3 c5 4. d5 d6 5. e4 Bxc3+ 6. bxc3 e5 7. g3 Qe7 8. Bg2 f5 9. Ne2 Nf6 10. f3 O-O 11. O-O Nbd7 12. a4 a5 13. h3 b6 14. Kh2 Ba6 15. Qb3 Kg7 16. Bd2 h6 17. Ng1 f4 18. g4 h5 19. Be1 hxg4 20. hxg4 Rh8+ 21. Nh3 Nh7 22. Kg1 Ng5 23. Nxg5 Qxg5 24. Bd2 Rh7 25. Kf2 Rah8 26. Rh1 Rxh1 27. Rxh1 Rxh1 28. Bxh1 Qh4+ 29. Kg1 Kf6 30. Bg2 Ke7 31. Kf1 Kd8 32. Be1 Qh8 33. Kg1 Kc7 34. Bf1 Nf6 35. Be2 Qh6 36. Bf1 Nh7 37. Qb2 Ng5 38. Qg2 Bc8 39. Be2 Bd7 40. Bd1 Nh3+ 41. Kf1 Ng5 42. Kg1 Bc8 43. Be2 Kb7 44. Bd3 Bd7 45. Bc2 Kc8 46. Bd1 Kc7 47. Bc2 Qh8 48. Bd1 Nf7 49. Bc2 Qe8 50. Qh3 Bxa4 51. Bxa4 Qxa4 52. Qh7 Qd7 53. Qxg6 a4 54. Bd2 a3 55. Bc1 a2 56. Bb2 Kb7 57. Qf6 Nd8 58. g5 Kc7 59. g6 Qh3 60. g7 Qg3+ 61. Kh1 Qxf3+ 62. Kg1 Qd1+ 63. Kh2 Qc2+ 64. Kh3 Qxb2 65. g8=Q Qxc3+ 66. Kh4 Qg3+ 67. Qxg3 fxg3 68. Qe7+ Kc8 69. Qa7 g2 70. Qa8+ Kc7 71. Qa7+ Nb7 72. Qxa2 g1=Q 73. Qe2 Qg7 0-1


[Site "https://www.chess.com"]